Get step-by-step instructions on how to execute this build order below. Start the game timer, and the build order will tick by so you can play in parallel with StarCraft on a second screen or mobile device.

Game Time

  0:00

Last Step

  N/A

Next Step

Upcoming Step



Don't want to look back and forth between 2 screens? Try out our Overwolf App, the Spawning Tool Build Advisor to get an in-game overlay with this build!

Complete Build Order

  12  0:01  Probe  
  13  0:13  Probe  
  14  0:19  Pylon  
  14  0:25  Probe  
  15  0:37  Probe  
  16  0:47  Gateway  
  16  0:49  Probe  
  17  0:55  Assimilator  
  17  1:01  Probe  
  18  1:07  Gateway  
  18  1:13  Probe  
  19  1:35  Assimilator  
  19  1:38  Zealot  
  21  1:42  Pylon  
  21  1:46  Probe  
  22  1:55  Cybernetics Core  
  22  2:05  Probe  
  23  2:18  Nexus  
  23  2:20  Probe  
  24  2:32  Probe  
  24  2:33  Warp Gate (Chrono Boost)  
  24  2:35  Stalker  
  27  2:40  Stalker  
  29  2:44  Probe, Pylon  
  30  2:57  Probe  
  31  3:00  Gateway  
  31  3:06  Pylon  
  31  3:10  Probe  
  32  3:22  Probe  
  32  3:25  Twilight Council  
  33  3:32  Pylon  
  33  3:34  Probe x2  
  35  3:46  Probe  
  35  3:47  Probe  
  37  3:51  Robotics Facility  
  37  3:58  Probe  
  37  3:59  Probe  
  39  4:10  Probe  
  39  4:11  Probe  
  41  4:17  Blink (Chrono Boost)  
  41  4:22  Probe, Forge  
  41  4:23  Probe  
  43  4:34  Probe (Chrono Boost)  
  43  4:36  Probe (Chrono Boost)  
  43  4:38  Assimilator  
  45  4:43  Stalker  
  45  4:44  Stalker  
  51  4:45  Probe x2 (Chrono Boost)  
  51  4:47  Stalker  
  51  4:49  Probe x2  
  59  5:00  Immortal  
  59  5:01  Probe x2  
  61  5:07  Protoss Shields Level 1  
  61  5:13  Probe x2  
  63  5:20  Assimilator  
  63  5:25  Probe x2  
  65  5:29  Pylon  
  65  5:32  Pylon  
  65  5:36  Pylon  
  65  5:37  Probe  
  65  5:38  Probe, Stalker  
  69  5:49  Probe  
  70  5:50  Probe  
  70  5:54  Stalker  
  70  5:55  Stalker  
  75  6:01  Robotics Facility  
  75  6:02  Probe x2  
  77  6:14  Probe x2  
  79  6:26  Probe x2  
  81  6:33  Stalker  
  81  6:37  Immortal  
  87  6:50  Robotics Bay  
  87  6:51  Probe x2  
  89  6:54  Forge  
  89  7:03  Probe x2  
  89  7:08  Protoss Ground Armor Level 1  
  91  7:12  Assimilator  
  91  7:19  Assimilator  
  91  7:25  Stalker  
  93  7:34  Pylon  
  93  7:37  Pylon  
  93  7:39  Pylon  
  93  7:45  Pylon  
  93  7:47  Pylon  
  93  7:52  Immortal x2  
  101  8:00  Gateway  
  101  8:02  Gateway  
  101  8:03  Gateway  
  101  8:05  Gateway  
  101  8:08  Gateway, Stalker  
  101  8:11  Stalker x2  
  107  8:15  Protoss Shields Level 2  
  107  8:33  Disruptor x2  
  113  8:47  Nexus  
  113  8:51  Pylon  
  113  8:54  Pylon  
  113  9:02  Protoss Ground Weapons Level 1  
  113  9:09  Disruptor x2  
  119  9:10  Stalker x3  
  80  10:15  Stalker x3  
  80  10:16  Stalker  
  80  10:19  Stalker x2  
  80  10:20  Stalker  
  85  10:58  Pylon, Stalker  
  85  10:59  Stalker x4  
  85  11:00  Stalker x2  
  99  11:04  Disruptor x2  
  105  11:30  Protoss Ground Weapons Level 2  
  105  11:32  Protoss Shields Level 3  
  105  11:36  Stalker  
  105  11:37  Nexus  
  105  11:38  Stalker x2  
  105  11:39  Assimilator, Stalker  
  113  11:40  Disruptor x2  
  113  11:43  Assimilator  
  113  11:45  Zealot  
  113  11:46  Zealot x3  
  127  11:59  Probe x3  
  130  12:14  Probe x3  
  133  12:17  Stalker x3  
  133  12:18  Stalker x5  
  133  12:20  Disruptor  
  152  12:49  Zealot  
  152  12:50  Zealot x3  
  160  12:52  Zealot x4  
  160  12:57  Charge  
  168  13:00  Disruptor x2  
  174  13:29  Gateway  
  174  13:30  Gateway  
  174  13:32  Gateway  
  174  13:34  Gateway  
  174  13:36  Gateway, Zealot x2  
  174  13:37  Zealot  
  180  13:45  Pylon  
  180  13:48  Pylon  
  180  13:51  Pylon  
  180  13:57  Pylon  
  180  14:37  Zealot x2  
  180  14:38  Zealot x5  
  192  14:39  Zealot  
  121  15:39  Stalker  
  121  15:40  Stalker x4  
  121  15:41  Stalker  
  116  16:02  Immortal  
  116  16:03  Immortal  
  121  16:06  Stalker  
  121  16:07  Stalker x4  
  107  16:42  Immortal x2  
  87  17:05  Stalker x3  
  87  17:06  Stalker x5  
  87  17:07  Stalker  
  87  17:08  Stalker x2  
  107  17:14  Protoss Ground Weapons Level 3, Protoss Ground Armor Level 2  
  109  17:18  Probe  
  109  17:19  Probe x2  
  109  17:21  Observer x2  
  114  17:30  Probe  
  114  17:31  Probe x2  
  117  17:37  Stalker x4  
  117  17:39  Stalker  
  117  17:40  Stalker x5  
  137  18:03  Stalker x4  
  137  18:04  Stalker  
  147  18:05  Stalker  
  147  18:06  Stalker x5  
  159  18:33  Nexus, Stalker x3  
  159  18:34  Stalker x3  
  169  18:35  Stalker x4  
  169  18:36  Pylon, Stalker  
  169  18:38  Pylon  
  100  19:36  Stalker x2  
  100  19:37  Stalker x4  
  112  19:38  Stalker x3  
  112  19:39  Stalker  
  84  20:36  Stalker  
  84  20:37  Stalker x3  
  84  20:39  Colossus x2  
  104  20:51  Robotics Facility x2  
  104  20:59  Pylon  
  104  21:01  Pylon  
  104  21:34  Assimilator  
  104  21:36  Stalker x3, Assimilator  
  104  21:37  Stalker x2  
  112  21:44  Assimilator  
  103  21:47  Assimilator  
  103  21:51  Pylon  
  82  21:57  Stalker x2  
  82  21:58  Stalker x3